 Dungeon Sprint DCSS version 0.27-a0-1456-gf5a116941d (webtiles) character file.

Game seed: 3050652247815188107

23674 mhtbhm the Minotaur Blade (level 12, -8/134 HPs)
             Began as a Minotaur Berserker on July 6, 2021.
             Was the Champion of Trog.
             Mangled by a stone giant (26 damage)
             ... in the Dungeon (Sprint IX: "|||||||||||||||||||||||||||||").
             The game lasted 00:03:27 (2292 turns).

mhtbhm the Minotaur Blade (Minotaur Berserker)      Turns: 2292, Time: 00:03:28

Health: -8/134     AC: 26    Str: 28    XL:     12   Next: 73%
Magic:  11/11      EV: 15    Int:  4    God:    Trog [******]
Gold:   1290       SH:  0    Dex: 17    Spells: 11/11 levels left

rFire    . . .     SeeInvis .   a - +8 triple sword of Owkezet {flame, rN+ Dex+5}
rCold    . . .     Faith    .   (shield currently unavailable)
rNeg     + . .     Spirit   .   b - +4 plate armour {rPois}
rPois    +         Reflect  .   (helmet restricted)
rElec    .         Harm     .   r - +0 cloak
rCorr    .         Rampage  .   y - +1 pair of gloves
Will     .....     NoTele   +   k - +0 pair of boots
Stlth    ..........             (no amulet)
HPRegen  0.32/turn              l - +2 ring of evasion
MPRegen  0.12/turn              m - +3 ring of strength

@: on berserk cooldown, slowed, very slow
A: horns 2, retaliatory headbutt
a: Renounce Religion, Berserk, Trog's Hand, Brothers in Arms


You were in the Dungeon.
You worshipped Trog.
Trog was exalted by your worship.
You visited 1 branch You collected 1918 gold pieces.
You spent 628 gold pieces at shops.

Inventory:

Hand Weapons
 a - the +8 triple sword of Owkezet (weapon) {flame, rN+ Dex+5}
   (Trog gifted it to you in the Dungeon)

   It has been specially enchanted to burn those struck by it, causing extra
   injury to most foes and up to half again as much damage against particularly
   susceptible opponents.
   Big, fiery blades are also staple armaments of hydra-hunters.
   Dex:       It affects your dexterity (+5).
   rN:        It protects you from negative energy.
Missiles
 s - a throwing net (quivered)
 t - 6 javelins
 u - 4 curare-tipped darts
Armour
 b - a +4 plate armour of poison resistance (worn)
 k - a +0 pair of boots (worn)
 r - a +0 cloak (worn)
 y - a +1 pair of gloves (worn)
 z - a +1 tower shield
Jewellery
 l - a +2 ring of evasion (left hand)
 m - a +3 ring of strength (right hand)
 q - a ring of resist corrosion
 v - a ring of protection from fire
 w - a ring of poison resistance
 x - a ring of ice
Wands
 j - a wand of iceblast (10)
Scrolls
 h - 3 scrolls of blinking
 o - 8 scrolls of enchant armour
 p - 2 scrolls of fear
 A - 2 scrolls of enchant weapon
 B - a scroll of identify
Potions
 c - 5 potions of curing
 d - 13 potions of heal wounds
 e - 2 potions of haste
 f - 4 potions of magic
 g - a potion of berserk rage
 i - a potion of invisibility
 n - 3 potions of mutation


   Skills:
 + Level 20.8 Fighting
 + Level 24.7 Long Blades
 + Level 14.4 Armour
 + Level 10.5 Dodging
 + Level 2.4 Stealth


You had 11 spell levels left.
You didn't know any spells.
Your spell library was empty.

Dungeon Overview and Level Annotations

Branches:
Dungeon (1/1)

Altars:
Cheibriados
Dithmenos
Elyvilon
Fedhas
Gozag
Hepliaklqana
Kikubaaqudgha
Makhleb
Nemelex Xobeh
Okawaru
Qazlal
Ru
Sif Muna
Trog
Uskayaw
Vehumet
Wu Jian
Xom
Yredelemnul
Zin
The Shining One
Beogh
Jiyva
Lugonu

Shops:
D :[(:


Innate Abilities, Weirdness & Mutations

You have a pair of horns on your head.
You reflexively headbutt those who attack you in melee.


Message History

You slice the frost giant!! You burn the frost giant!
You kill the frost giant!
Trog accepts your kill.
Trog appreciates your killing of a magic user.
A tengu conjurer comes into view.
The tengu conjurer shouts!
Things that are here:
a +2 battleaxe of freezing; a frost giant corpse Unknown command.
Unknown command.
You slice the frost giant!! You burn the frost giant!
You headbutt the frost giant.
The frost giant is moderately wounded.
The frost giant hits you with a +2 battleaxe of freezing.
The frost giant freezes you.
You chop the frost giant into pieces!!! You burn the frost giant!!
You kill the frost giant!
Trog accepts your kill. Something appears at your feet!
You see here a +2 lajatang.
Trog grants you a weapon!
Trog appreciates your killing of a magic user.
You hit the stone giant. You burn the stone giant.
You headbutt the stone giant.
The stone giant is lightly wounded.
The stone giant hits you but does no damage.
The tengu conjurer mumbles some strange words.
Nothing appears to happen.
Unknown command.
Unknown command.
You hit the stone giant but do no damage.
You headbutt the stone giant!
The stone giant is moderately wounded.
The stone giant hits you!!
* * * LOW HITPOINT WARNING * * *
Unknown command.
You hit the stone giant but do no damage.
The stone giant is moderately wounded.
An ettin comes into view. It is wielding two +0 dire flails.
The stone giant hits you!!
You die...

▓.▓.▓)▓.▓)▓.▓_▓
▓.▓.▓)▓.▓†▓.▓'▓
▓'▓.▓)▓.▓.▓.▓.▓
▓)▓.▓)▓.▓†▓.▓?▓
▓†▓.▓)▓.▓†▓.▓)▓
▓(▓.▓)▓)▓.▓.▓.▓
▓(▓.▓∩▓)▓.▓.▓[▓
▓†▓.▓)▓.▓.▓.▓[▓
▓@▓.▓∩▓.▓.▓.▓.▓
▓C▓.▓)▓.▓.▓.▓.▓
▓o▓.▓∩▓.▓.▓.▓.▓
▓c▓.▓)▓.▓(▓.▓†▓
▓.▓.▓∩▓.▓.▓.▓)▓
▓W▓.▓.▓.▓!▓.▓.▓
▓Q▓.▓.▓.▓'▓.▓.▓
▓C▓.▓.▓.▓.▓.▓.▓
▓.▓.▓.▓.▓.▓.▓


You could see a stone giant, an orc knight, an ettin, a centaur warrior, a
freezing wraith (summoned) and a tengu conjurer.

Vanquished Creatures
  2 frost giants (D)
  Harold (D)
  2 hydras (D)
  2 boulder beetles (D)
  3 ogre magi (D)
  A centaur warrior (D)
  A catoblepas (D)
  4 two-headed ogres (D)
  Urug (D)
  4 death yaks (D)
  3 orc knights (D)
  An ugly thing (D)
  2 cyclopes (D)
  An elephant (D)
  2 cane toads (D)
  3 komodo dragons (D)
  A yaktaur (D)
  2 trolls (D)
  A shadow (D)
  4 yaks (D)
  A vampire (D)
  A wyvern (D)
  A steam dragon (D)
  An acid dragon (D)
  9 water moccasins (D)
  7 ogres (D)
  10 orc warriors (D)
  A necrophage (D)
  A bullfrog (D)
  2 scorpions (D)
  A wight (D)
  A jelly (D)
  2 orc priests (D)
  3 orc wizards (D)
  An adder zombie (D)
  7 orcs (D)
  A goblin (D)
  2 hobgoblins (D)
  A quokka (D)
  A ball python zombie (D)
  A kobold (D)
96 creatures vanquished.

Notes
Turn   | Place    | Note
-------+----------+-------------------------------------------
     0 | D        | mhtbhm the Minotaur Berserker began the quest for the Orb.
     0 | D        | Reached XP level 1. HP: 19/19 MP: 0/0
     7 | D        | Reached skill level 4 in Long Blades
     8 | D        | Reached ** piety under Trog
   124 | D        | Noticed a jelly
   124 | D        | Noticed a scorpion
   124 | D        | Noticed a necrophage
   124 | D        | Noticed a scorpion
   127 | D        | Killed a jelly
   128 | D        | Reached skill level 6 in Long Blades
   128 | D        | Reached XP level 2. HP: 30/30 MP: 1/1
   128 | D        | Reached XP level 3. HP: 37/37 MP: 2/2
   187 | D        | Killed a scorpion
   187 | D        | Reached *** piety under Trog
   188 | D        | Reached skill level 7 in Long Blades
   188 | D        | Reached XP level 4. HP: 47/47 MP: 3/3
   193 | D        | Killed a necrophage
   194 | D        | Reached skill level 9 in Long Blades
   194 | D        | Reached XP level 5. HP: 41/57 MP: 4/4
   195 | D        | Reached skill level 5 in Armour
   195 | D        | Reached skill level 5 in Dodging
   348 | D        | Found a snail-covered altar of Cheibriados.
   348 | D        | Found a shadowy altar of Dithmenos.
   348 | D        | Found a white marble altar of Elyvilon.
   348 | D        | Found a blossoming altar of Fedhas.
   348 | D        | Found an opulent altar of Gozag.
   349 | D        | Found a hazy altar of Hepliaklqana.
   350 | D        | Found a viscous altar of Jiyva.
   351 | D        | Found an ancient bone altar of Kikubaaqudgha.
   352 | D        | Found a corrupted altar of Lugonu.
   353 | D        | Found a burning altar of Makhleb.
   354 | D        | Found a sparkling altar of Nemelex Xobeh.
   355 | D        | Found an iron altar of Okawaru.
   356 | D        | Found a stormy altar of Qazlal.
   357 | D        | Found a sacrificial altar of Ru.
   358 | D        | Found a shimmering blue altar of Sif Muna.
   359 | D        | Found a bloodstained altar of Trog.
   360 | D        | Found a hide-covered altar of Uskayaw.
   361 | D        | Found a radiant altar of Vehumet.
   362 | D        | Found an ornate altar of the Wu Jian Council.
   363 | D        | Found a shimmering altar of Xom.
   364 | D        | Found a basalt altar of Yredelemnul.
   365 | D        | Found a glowing silver altar of Zin.
   366 | D        | Found a glowing golden altar of the Shining One.
   415 | D        | Noticed a wyvern
   415 | D        | Noticed an acid dragon
   415 | D        | Noticed a troll
   415 | D        | Noticed a komodo dragon
   418 | D        | Killed a wyvern
   418 | D        | Reached **** piety under Trog
   419 | D        | Reached skill level 10 in Fighting
   419 | D        | Reached skill level 11 in Long Blades
   419 | D        | Reached XP level 6. HP: 65/67 MP: 5/5
   422 | D        | Killed an acid dragon
   428 | D        | Killed a troll
   429 | D        | Reached skill level 12 in Long Blades
   429 | D        | Reached XP level 7. HP: 56/75 MP: 6/6
   434 | D        | Killed a komodo dragon
   435 | D        | Reached skill level 13 in Long Blades
   435 | D        | Reached skill level 1 in Stealth
   436 | D        | Reached ***** piety under Trog
   437 | D        | Reached XP level 8. HP: 65/85 MP: 7/7
   606 | D        | Noticed a two-headed ogre
   606 | D        | Noticed a centaur warrior
   606 | D        | Noticed a troll
   606 | D        | Noticed a brown ugly thing
   610 | D        | Killed a two-headed ogre
   611 | D        | Reached skill level 14 in Long Blades
   616 | D        | Killed a centaur warrior
   617 | D        | Reached skill level 15 in Long Blades
   617 | D        | Reached XP level 9. HP: 96/96 MP: 8/8
   620 | D        | Killed a troll
   621 | D        | Reached skill level 16 in Long Blades
   623 | D        | Killed a brown ugly thing
   624 | D        | Reached skill level 15 in Fighting
   628 | D        | Received a gift from Trog
   907 | D        | Noticed a cane toad
   907 | D        | Noticed a cane toad
   910 | D        | Killed a cane toad
   914 | D        | Reached skill level 17 in Long Blades
   917 | D        | Noticed a komodo dragon
   919 | D        | Killed a cane toad
   920 | D        | Reached XP level 10. HP: 107/107 MP: 9/9
   926 | D        | Identified the +8 triple sword of Owkezet {flame, rN+
                  | Dex+5} (Trog gifted it to you in the Dungeon)
   926 | D        | Received a gift from Trog
  1073 | D        | Noticed a four-headed hydra
  1077 | D        | Reached skill level 10 in Armour
  1078 | D        | Reached skill level 18 in Long Blades
  1080 | D        | Killed a two-headed hydra
  1080 | D        | Noticed an elephant
  1082 | D        | Reached ****** piety under Trog
  1085 | D        | Received a gift from Trog
  1089 | D        | Killed an elephant
  1090 | D        | Reached skill level 19 in Long Blades
  1147 | D        | Noticed a catoblepas
  1147 | D        | Noticed a death yak
  1147 | D        | Noticed a death yak
  1148 | D        | Noticed a death yak
  1151 | D        | Killed a catoblepas
  1230 | D        | Noticed a death yak
  1233 | D        | Killed a death yak
  1234 | D        | Reached XP level 11. HP: 117/117 MP: 10/10
  1238 | D        | Killed a death yak
  1238 | D        | Received a gift from Trog
  1239 | D        | Reached skill level 20 in Long Blades
  1240 | D        | Killed a death yak
  1242 | D        | Killed a death yak
  1402 | D        | Noticed Harold
  1409 | D        | Killed Harold
  1409 | D        | Received a gift from Trog
  1410 | D        | Reached skill level 21 in Long Blades
  1430 | D        | Noticed Urug
  1437 | D        | Killed Urug
  1536 | D        | Noticed an orc knight
  1541 | D        | Noticed an orc knight
  1546 | D        | Killed an orc knight
  1546 | D        | Received a gift from Trog
  1550 | D        | Killed an orc knight
  1551 | D        | Reached skill level 10 in Dodging
  1782 | D        | Noticed an orc knight
  1785 | D        | Received a gift from Trog
  1792 | D        | Killed an orc knight
  1793 | D        | Reached skill level 22 in Long Blades
  1800 | D        | Received a gift from Trog
  1998 | D        | Found Pacin's Book Emporium.
  1998 | D        | Noticed an ogre mage
  1998 | D        | Noticed an ogre mage
  1998 | D        | Noticed a two-headed ogre
  2000 | D        | Killed an ogre mage
  2005 | D        | Found Pimotil's Antique Armour Shoppe.
  2008 | D        | Killed an ogre mage
  2009 | D        | Killed a two-headed ogre
  2010 | D        | Reached XP level 12. HP: 130/130 MP: 11/11
  2010 | D        | Found Yfipt's Weapon Emporium.
  2012 | D        | Noticed a two-headed ogre
  2014 | D        | Received a gift from Trog
  2018 | D        | Found Liegepp's Book Shoppe.
  2020 | D        | Killed a two-headed ogre
  2021 | D        | Reached skill level 23 in Long Blades
  2021 | D        | Noticed an ogre mage
  2026 | D        | Noticed a two-headed ogre
  2027 | D        | Killed an ogre mage
  2031 | D        | Killed a two-headed ogre
  2031 | D        | Received a gift from Trog
  2081 | D        | Bought 4 curare-tipped darts for 33 gold pieces
  2095 | D        | Bought a distressingly furry scale mail for 153 gold pieces
  2095 | D        | Identified the +3 scale mail "Qulita" {-Cast *Slow +Blink
                  | rCorr} (You bought it in a shop in the Dungeon)
  2106 | D        | Bought a shiny plate armour for 442 gold pieces
  2263 | D        | Noticed a boulder beetle
  2263 | D        | Noticed a boulder beetle
  2263 | D        | Noticed a six-headed hydra
  2266 | D        | Noticed a centaur warrior
  2268 | D        | Noticed a frost giant
  2268 | D        | Killed a boulder beetle
  2273 | D        | Killed a boulder beetle
  2274 | D        | Noticed a vampire mage
  2277 | D        | Reached skill level 24 in Long Blades
  2277 | D        | Noticed a frost giant
  2279 | D        | Killed a four-headed hydra
  2280 | D        | Noticed a stone giant
  2286 | D        | Killed a frost giant
  2289 | D        | Killed a frost giant
  2289 | D        | Received a gift from Trog
  2292 | D        | Noticed an ettin
  2292 | D        | Mangled by a stone giant

Illustrated notes

Levels and vault maps discovered:
D:        linesprint [early_d, line_temple, items_1, d_10, items_2, lair_1,
          lair_end, items_3, orc_1, orc_end, items_4, d_15, swamp_1, shoals_1,
          snake_1, spider_1, d_20, vaults_1, items_5, swamp_end, shoals_end,
          snake_end, spider_end, vaults_end, d_27, items_6, zot_1, zot_end,
          crypt_end, forest_end, elf_end, slime_end, tomb_end, abyss_end,
          pan_hell_end]

Skill      XL: |  1  2  3  4  5  6  7  8  9 10 11 12 |
---------------+-------------------------------------+-----
Fighting       | 6 7 9 10 11 12 14 16 17 19 20 | 20.8
Long Blades    | 6 7 9 11 12 13 15 17 19 22 24 | 24.7
Armour         | 3 4 5 6 7 8 9 11 13 14 | 14.4
Dodging        | 3 4 5 6 7 8 9 10 | 10.5
Stealth        | 1 2 |  2.4

Action                   |  1- 3 |  4- 6 |  7- 9 | 10-12 || total
-------------------------+-------+-------+-------+-------++-------
Melee: Falchion          |    14 |     8 |       |       ||    22
       Headbutt          |     2 |     5 |    11 |    30 ||    48
       Scimitar          |       |    12 |    24 |       ||    36
       Great sword       |       |       |    10 |    10 ||    20
       Triple sword      |       |       |       |   111 ||   111
Invok: Berserk           |     2 |     1 |     2 |     7 ||    12
Armor: Scale mail        |       |     3 |     4 |       ||     7
       Chain mail        |       |       |     4 |    21 ||    25
       Plate armour      |       |       |       |     8 ||     8
Dodge: Dodged            |     5 |     7 |    15 |    53 ||    80
       Rpst.: Falchion   |     1 |       |       |       ||     1
       Scimitar          |       |       |     2 |       ||     2
       Triple sword      |       |       |       |    12 ||    12
       Great sword       |       |       |       |     1 ||     1

Table legend: (Time is in decaauts)
 A = Elapsed time spent in this place.
 B = Non-inter-level travel time spent in this place.
 C = Inter-level travel time spent in this place.
 D = Time resting spent in this place.
 E = Time spent auto-exploring this place.
 F = Levels seen in this place.
 G = Mean time per level.
                   A        B        C        D        E       F      G
               +--------+--------+--------+--------+--------+-----+--------+
         Total |   2337 |   2337 |      0 |   1299 |    343 |   1 | 2337.0 |
       Dungeon |   2337 |   2337 |      0 |   1299 |    343 |   1 | 2337.0 |
               +--------+--------+--------+--------+--------+-----+--------+

Top non-repeatable levels by time:
       D: 2337 daAuts
